 Dungeon Crawl Stone Soup version 0.27.1-34-g3ba077fa99 (webtiles) character file.

Game seed: 5388777648548591430

88053 pkoi the Destroyer (level 15, -13/115 HPs)
             Began as a Green Draconian Conjurer on Jan 27, 2022.
             Was a High Priest of Vehumet.
             Killed from afar by a deep elf sorcerer (44 damage)
             ... with a bolt of acid
             ... on level 2 of the Abyss.
             The game lasted 00:57:59 (30171 turns).

pkoi the Destroyer (Green Draconian Conjurer)      Turns: 30171, Time: 00:57:59

Health: -13/115    AC: 14    Str: 15    XL:     15   Next: 45%
Magic:  37/37      EV: 14    Int: 23    God:    Vehumet [*****.]
Gold:   1767       SH:  0    Dex: 11    Spells: 5/32 levels left

rFire    . . .     SeeInvis +   E - +8 autumn katana {vorpal, Clar}
rCold    . . .     Faith    .   (no shield)
rNeg     . . .     Spirit   .   (armour unavailable)
rPois    +         Reflect  .   I - +2 hat
rElec    +         Harm     .   t - scarf {repulsion}
rCorr    .         Rampage  .   Q - +0 pair of gloves "Xosecieb" {Str+5}
Will     +....     Clarity  +   e - +1 pair of boots
Stlth    ++........             i - amulet of magic regeneration
HPRegen  0.29/turn              p - ring of magical power
MPRegen  0.50/turn              D - ring "Qoyvisma" {rElec SInv}

@: repel missiles
A: breathe noxious fumes, AC +9, unfitting armour, stinger 1, poison resistance,
cold-blooded
a: Breathe Noxious Fumes, Renounce Religion


You were on level 2 of the Abyss.
You worshipped Vehumet.
Vehumet was extremely pleased with you.
You visited 4 branches of the dungeon, and saw 22 of its levels.
You visited the Abyss 1 time.
You also visited: Ossuary and Bailey.

You collected 2115 gold pieces.
You spent 348 gold pieces at shops.

Inventory:

Hand Weapons
 E - the +8 autumn katana (weapon) {vorpal, Clar}
   (You found it on level 11 of the Dungeon)

   It inflicts extra damage upon your enemies.
   Clar:      It protects you against confusion.
Missiles
 C - 3 curare-tipped darts
Armour
 e - a +1 pair of boots (worn)
 t - a scarf of repulsion (worn)
 v - a +0 kite shield of protection
 I - a +2 hat (worn)
 Q - the +0 pair of gloves "Xosecieb" (worn) {Str+5}
   (You found it on level 12 of the Dungeon)

   Str:       It affects your strength (+5).
Magical Staves
 w - a staff of conjuration
Jewellery
 b - an amulet of guardian spirit
 f - a ring of protection from fire
 g - a ring of fire
 i - an amulet of magic regeneration (around neck)
 p - a ring of magical power (left hand)
 D - the ring "Qoyvisma" (right hand) {rElec SInv}
   (You bought it in a shop on level 9 of the Dungeon)

   [ring of see invisible]

   rElec:     It insulates you from electricity.
   SInv:      It lets you see invisible.
 H - an amulet of the acrobat
 U - a ring of resist corrosion
Wands
 j - a wand of acid (29)
 q - a wand of iceblast (36)
 s - a wand of digging (7)
 B - a wand of flame (28)
 L - a wand of mindburst (10)
 S - a wand of paralysis (6)
 T - a wand of polymorph (6)
Scrolls
 d - 7 scrolls of teleportation
 n - 4 scrolls of enchant weapon
 u - 7 scrolls of blinking
 x - 7 scrolls of enchant armour
 y - 8 scrolls of identify
 F - a scroll of fog
 J - 5 scrolls of amnesia
 K - 2 scrolls of magic mapping
 M - 2 scrolls of brand weapon
 N - a scroll of fear
 P - a scroll of holy word
Potions
 a - 3 potions of flight
 h - 5 potions of invisibility
 k - 3 potions of magic
 m - 17 potions of curing
 o - 2 potions of might
 r - a potion of cancellation
 z - 3 potions of berserk rage
 A - a potion of resistance
 G - 3 potions of heal wounds
 O - a potion of brilliance
 R - a potion of ambrosia


   Skills:
 + Level 6.2 Fighting
 - Level 12.0 Long Blades
 + Level 7.4 Dodging
 - Level 1.7 Stealth
 - Level 9.0 Spellcasting
 + Level 14.2 Conjurations
 - Level 6.0 Hexes
 - Level 5.0 Translocations
 - Level 9.0 Ice Magic
 + Level 10.1 Air Magic
 - Level 6.0 Poison Magic


You had 5 spell levels left.
You knew the following spells:

 Your Spells              Type           Power      Damage    Failure   Level
a - Magic Dart            Conj           100%       1d8       0%          1
b - Searing Ray           Conj           100%       3d7       1%          2
c - Fulminant Prism       Conj/Hex       27%        3d14      1%          4
d - Poisonous Vapours     Pois/Air       94%        N/A       1%          2
e - Iskenderun's Battles  Conj           66%        2d12      1%          5
f - Conjure Ball Lightni  Conj/Air       30%        3x3d10    1%          6
g - Blink                 Tloc           N/A        N/A       1%          2
h - Freezing Cloud        Conj/Ice/Air   28%        6-21      1%          5

Your spell library contained the following spells:

 Spells                   Type           Power      Damage    Failure   Level
 Ozocubu's Refrigeration  Ice            25%        4d10      32%         7
 Apportation              Tloc           66%        N/A       1%          1
 Corona                   Hex            41%        N/A       1%          1
 Foxfire                  Conj/Fire      100%       2x1d9     1%          1
 Shock                    Conj/Air       100%       1d9       1%          1
 Corpse Rot               Necr/Air       N/A        N/A       1%          2
 Ensorcelled Hibernation  Hex/Ice        88%        N/A       1%          2
 Static Discharge         Conj/Air       61%        N/A       1%          2
 Conjure Flame            Conj/Fire      43%        6-21      1%          3
 Dazzling Flash           Conj/Hex       100%       N/A       1%          3
 Inner Flame              Hex/Fire       24%        N/A       1%          3
 Mephitic Cloud           Conj/Pois/Air  54%        N/A       1%          3
 Portal Projectile        Hex/Tloc       70%        N/A       1%          3
 Swiftness                Air            54%        N/A       1%          3
 Airstrike                Air            27%        N/A       1%          4
 Iskenderun's Mystic Bla  Conj/Tloc      53%        2d11      1%          4
 Sticky Flame             Conj/Fire      43%        2d6       1%          4
 Lightning Bolt           Conj/Air       30%        1d47      1%          5
 Lesser Beckoning         Tloc           16%        N/A       2%          3
 Fireball                 Conj/Fire      21%        3d10      2%          5
 Spider Form              Tmut/Pois      12%        N/A       5%          3
 Cause Fear               Hex            18%        N/A       5%          4
 Animate Skeleton         Necr           20%        N/A       6%          1
 Beastly Appendage        Tmut           20%        N/A       6%          1
 Summon Small Mammal      Summ           40%        N/A       6%          1
 Bolt of Magma            Conj/Fire/Erth 16%        4d9       7%          5
 Summon Lightning Spire   Summ/Air       33%        N/A       8%          4
 Call Imp                 Summ           10%        N/A       10%         2
 Passwall                 Tmut/Erth      8%         N/A       10%         2
 Wereblood                Tmut           10%        N/A       10%         2
 Manifold Assault         Tloc           33%        N/A       22%         5
 Lee's Rapid Deconstruct  Erth           5%         3d7*      38%         5
 Summon Mana Viper        Hex/Summ       24%        N/A       45%         5
 Summon Forest            Summ/Tloc      11%        N/A       52%         5
 Blade Hands              Tmut           5%         N/A       86%         5
 Excruciating Wounds      Necr           5%         N/A       86%         5
 Orb of Destruction       Conj           33%        9d12      4%          7
 Iron Shot                Conj/Erth      21%        9d5       13%         6
 Spellforged Servitor     Conj/Summ      21%        N/A       54%         7
 Invisibility             Hex            18%        N/A       63%         6
 Simulacrum               Ice/Necr       15%        N/A       83%         6
 Shadow Creatures         Summ           N/A        N/A       100%        6
 Discord                  Hex            18%        N/A       100%        8
 Chain Lightning          Conj/Air       30%        3d40      100%        9
 Polar Vortex             Ice            25%        N/A       100%        9


Dungeon Overview and Level Annotations

Branches:
Dungeon (12/15)            Temple (1/1) D:5            Lair (6/6) D:9
 Shoals (0/4) Lair:2        Snake (3/4) Lair:4        Slime (0/5) Lair:5
    Orc (0/2) D:11        Ossuary (visited)          Bailey (visited)

Altars:
Ashenzari
Cheibriados
Dithmenos
Elyvilon
Fedhas
Gozag
Hepliaklqana
Kikubaaqudgha
Makhleb
Nemelex Xobeh
Okawaru
Qazlal
Ru
Sif Muna
Trog
Uskayaw
Vehumet
Wu Jian
Xom
Yredelemnul
Zin
The Shining One
Jiyva

Shops:
D:4 *   D:9 =   D:10 (   D:12 *

Portals:
Abyss: Lair:1

Annotations:
Lair:1 2 transporters, exclusion: oklob plant, dornbeast's ghost, novice DgCj
Snake:3 Louise


Innate Abilities, Weirdness & Mutations

You can breathe blasts of noxious fumes.
Your lurid green scales are hard. (AC +9)
You cannot fit into any form of body armour.
Your tail ends in a poisonous barb.
Your system is resistant to poisons. (rPois)
You are cold-blooded and may be slowed by cold attacks.


Message History

Your battlesphere fires!
The barrage of energy hits the ynoxinul!!
The ynoxinul is severely wounded.
Aiming: Magic Dart (safe; 0% risk of failure)
Press: ? - help, Q - select action, (/) - cycle Shift-Dir - straight line, f/p - ynoxinul
Aim: a ynoxinul (severely wounded, ally target, 100% to hit)
The magic dart hits the ynoxinul.
The ynoxinul is almost dead.
Your battlesphere fires!
The barrage of energy hits the ynoxinul!
You kill the ynoxinul!
Vehumet accepts your kill.
You feel your power returning.
You start resting.
Magic restored.
You start resting.
Found a gateway leading deeper into the Abyss.
You start resting.
Your battlesphere wavers and loses cohesion.
A starcursed mass comes into view.
A starcursed mass is nearby!
A starcursed mass is nearby!
You enter the shallow water.
Moving in this stuff is going to be slow.
A deep elf sorcerer comes into view. It is wielding a +0 short sword.
The deep elf sorcerer shouts!
The deep elf sorcerer gestures wildly while chanting.
The deep elf sorcerer seems to speed up.
The starcursed mass shrieks in your mind.
* * * LOW HITPOINT WARNING * * *
A starcursed mass splits.
The deep elf sorcerer points at you and mumbles some strange words.
You wobble for a moment.
A starcursed mass splits. x2
A chorus of shrieks assaults your mind.
* * * LOW HITPOINT WARNING * * *
A starcursed mass splits. x3
A starcursed mass splits.
The deep elf sorcerer gestures at you while chanting.
The bolt of acid hits you!!!
You die...

.#. .. .. .##
#.. #.. #..####
#.@≈X####
###.##≈#..#
#.....X≈#.#
#....#.≈Xe.#
#..#....#XX.##
#.#.....#.X#.#
#..#...#.#≈≈#..
....#....≈####.
.....>#.≈. ..


You could see a starcursed mass and a deep elf sorcerer (fast).

Vanquished Creatures
  Gastronok (Lair:1)
  7 naga warriors
  8 hydras
  2 catoblepae
  3 boulder beetles
  3 anacondas
  Erica (Lair:2)
  15 death yaks
  3 two-headed ogres
  A dancing weapon (Abyss:2)
  6 naga sharpshooters
  A salamander mystic (Snake:3)
  Sonja (D:10)
  2 lindwurms (Lair:6)
  4 naga ritualists
  A large abomination (Abyss:2)
  8 mana vipers
  A cyclops (D:12)
  An ugly thing (D:12)
  2 manticores (Lair:6)
  21 black mambas
  7 salamanders
  11 elephants
  A guardian serpent (Snake:1)
  11 cane toads
  6 naga magi
  A gargoyle (D:12)
  2 torpor snails
  An unseen horror (D:12)
  4 rime drakes
  An efreet (Abyss:2)
  5 komodo dragons
  3 polar bears
  2 trolls
  4 slime creatures (D:12)
  Grinder (D:3)
  22 blink frogs
  2 dream sheep (Lair:6)
  2 wraiths
  6 wyverns
  2 ynoxinuls (Abyss:2)
  A small abomination (Abyss:2)
  36 yaks
  Grum (D:10)
  5 vampire mosquitoes (D:10)
  A steam dragon (D:9)
  18 nagas
  14 water moccasins
  An ice beast (D:8)
  9 orc warriors
  2 sky beasts
  A black bear (D:4)
  3 wolves (D:10)
  3 ogres
  2 necrophages
  12 centaurs
  2 phantoms
  2 kobold brigands
  Blork the orc (D:6)
  2 elf zombies (Ossuary)
  7 bullfrogs
  3 scorpions
  A gnoll sergeant (D:7)
  9 killer bees (D:10)
  7 wights
  An electric eel (Lair:3)
  2 howler monkeys
  A bullfrog zombie (D:6)
  A human zombie (Ossuary)
  7 orc priests
  2 centaur zombies
  A hound (D:6)
  11 jellies
  3 bullfrog skeletons (D:5)
  4 iguanas
  11 orc wizards
  A killer bee zombie (D:6)
  A hound skeleton (D:4)
  3 mummies (Ossuary)
  2 howler monkey zombies (D:9)
  6 adders
  3 gnolls (D:7)
  2 shadow imps
  2 white imps
  2 adder zombies (Ossuary)
  An adder skeleton (D:4)
  4 worms
  3 dart slugs
  47 orcs
  7 bats
  18 endoplasms
  4 giant cockroaches
  14 goblins
  9 hobgoblins
  8 jackals
  16 kobolds
  5 quokkas
  8 ball pythons
  2 frilled lizards
  A goblin zombie (Ossuary)
  A jackal zombie (Ossuary)
  A kobold zombie (Ossuary)
  2 orc zombies (Ossuary)
  7 rats
  2 rat zombies (Ossuary)
555 creatures vanquished.

Vanquished Creatures (collateral kills)
  4 ball lightnings
4 creatures vanquished.

Vanquished Creatures (others)
  268 ball lightnings
  6 fulminant prisms
  53 fungi
  65 plants
392 creatures vanquished.

Grand Total: 951 creatures vanquished

Notes
Turn   | Place    | Note
-------+----------+-------------------------------------------
     0 | D:1      | pkoi the Draconian Conjurer began the quest for the Orb.
     0 | D:1      | Reached XP level 1. HP: 14/14 MP: 3/3
   357 | D:1      | Reached XP level 2. HP: 20/20 MP: 1/5
   598 | D:1      | Learned a level 2 spell: Searing Ray
  1022 | D:2      | Reached skill level 5 in Conjurations
  1023 | D:2      | Reached XP level 3. HP: 26/26 MP: 1/6
  1770 | D:2      | Found a faded altar of an unknown god.
  2304 | D:2      | Reached XP level 4. HP: 33/33 MP: 5/7
  2612 | D:3      | Noticed Grinder
  2618 | D:3      | Paralysed by Grinder for 3 turns
  2669 | D:3      | Killed Grinder
  2670 | D:3      | Reached skill level 7 in Conjurations
  2670 | D:3      | Reached XP level 5. HP: 38/38 MP: 3/8
  2670 | D:3      | Reached XP level 6. HP: 45/45 MP: 3/9
  2726 | D:3      | Learned a level 4 spell: Fulminant Prism
  3429 | D:3      | Reached skill level 1 in Hexes
  4281 | D:3      | Your scales start taking on a lurid green colour.
  4281 | D:3      | Reached XP level 7. HP: 35/50 MP: 6/11
  4281 | D:3      | Gained mutation: Your system is resistant to poisons.
                  | (rPois) [Green Draconian growth]
  4473 | D:3      | Learned a level 2 spell: Poisonous Vapours
  4503 | D:4      | Reached skill level 8 in Conjurations
  4717 | D:4      | Reached skill level 1 in Air Magic
  4717 | D:4      | Reached skill level 1 in Poison Magic
  5196 | D:4      | Found Zebliugo's General Store.
  5488 | D:5      | Entered Level 5 of the Dungeon
  5541 | D:5      | Found a staircase to the Ecumenical Temple.
  5558 | Temple   | Entered the Ecumenical Temple
  5588 | Temple   | Became a worshipper of Vehumet
  6025 | D:5      | Reached XP level 8. HP: 54/57 MP: 8/13
  6224 | D:5      | Reached skill level 9 in Conjurations
  6680 | D:6      | Noticed Blork the orc
  6688 | D:6      | Killed Blork the orc
  6939 | D:6      | Found a sand-covered staircase.
  6946 | Ossuary  | Entered an ossuary
  6974 | Ossuary  | Reached XP level 9. HP: 57/62 MP: 3/15
  6974 | Ossuary  | Reached * piety under Vehumet
  6974 | Ossuary  | Offered knowledge of Freeze by Vehumet.
  7918 | D:7      | Reached skill level 10 in Conjurations
  8090 | D:7      | Reached skill level 5 in Poison Magic
  8166 | D:7      | Reached ** piety under Vehumet
  8166 | D:7      | Offered knowledge of Shock by Vehumet.
  8172 | D:7      | Found a flagged portal.
  8177 | Bailey   | Entered a bailey
  8780 | Bailey   | Reached skill level 5 in Spellcasting
  8871 | Bailey   | Identified the ring "Zuckud" {Ice Will- Dex+7}
  8873 | Bailey   | Identified the +7 crystal plate armour "Arasouw" {rElec
                  | rPois Int+3 Slay-4}
  9337 | D:8      | Noticed a two-headed ogre
  9344 | D:8      | Killed a two-headed ogre
  9345 | D:8      | Reached skill level 5 in Air Magic
  9345 | D:8      | Reached XP level 10. HP: 56/69 MP: 11/18
  9543 | D:8      | Reached skill level 11 in Conjurations
 10094 | D:9      | Got the Catalogue of the Excruciating Compass
 10211 | D:9      | Found Ebetwinn's Jewellery Shoppe.
 10318 | D:9      | Found a staircase to the Lair.
 10399 | D:9      | Offered knowledge of Static Discharge by Vehumet.
 10693 | D:9      | Reached skill level 5 in Hexes
 11148 | D:10     | Entered Level 10 of the Dungeon
 11206 | D:10     | Noticed Sonja
 11211 | D:10     | Killed Sonja
 11391 | D:10     | Noticed a two-headed ogre
 11398 | D:10     | Killed a two-headed ogre
 11505 | D:10     | Reached *** piety under Vehumet
 11508 | D:10     | Reached skill level 12 in Conjurations
 11800 | D:10     | Reached XP level 11. HP: 53/74 MP: 19/21
 12078 | D:10     | Learned a level 5 spell: Iskenderun's Battlesphere
 12125 | D:10     | Found a shadowy altar of Dithmenos.
 12234 | D:10     | Noticed Grum
 12238 | D:10     | Offered knowledge of Airstrike by Vehumet.
 12239 | D:10     | Killed Grum
 12434 | D:10     | Found Hoiligu's Antique Weapon Boutique.
 13120 | D:9      | Bought the ring "Qoyvisma" {rElec SInv} for 348 gold pieces
 13127 | D:9      | Learned a level 6 spell: Conjure Ball Lightning
 13238 | D:11     | Found the +8 autumn katana {vorpal, Clar}
 13281 | D:11     | HP: 3/74 [spore (21)]
 13706 | D:11     | Noticed a boulder beetle
 13716 | D:11     | Killed a boulder beetle
 13717 | D:11     | Reached skill level 1 in Fighting
 13717 | D:11     | Reached skill level 1 in Long Blades
 13831 | D:11     | Identified the +1 plate armour "Vumeo" {rElec Int+2 Stlth+}
 13837 | D:11     | Noticed a +0 dagger
 13837 | D:11     | Noticed a +0 dagger
 13838 | D:11     | Noticed a +0 short sword
 13838 | D:11     | Noticed a +0 spear
 13839 | D:11     | Noticed a +0 spear
 13839 | D:11     | Noticed a +0 falchion
 13840 | D:11     | Noticed a +0 falchion
 13841 | D:11     | Noticed a +0 short sword
 13865 | D:11     | Found a hide-covered altar of Uskayaw.
 14016 | D:11     | Noticed a five-headed hydra
 14027 | D:11     | Killed a five-headed hydra
 14291 | D:11     | Found a staircase to the Orcish Mines.
 14730 | Lair:1   | Entered Level 1 of the Lair of Beasts
 14858 | Lair:1   | Found a one-way gate to the infinite horrors of the Abyss.
 14858 | Lair:1   | Found a transporter.
 14858 | Lair:1   | Noticed dornbeast's ghost (novice DgCj)
 14860 | Lair:1   | Noticed a hell hog
 14862 | Lair:1   | Noticed a spriggan rider
 14922 | Lair:1   | Noticed Gastronok
 14933 | Lair:1   | Killed Gastronok
 15072 | Lair:1   | Noticed a green ugly thing
 15090 | Lair:1   | Found a transporter.
 15114 | Lair:1   | Reached **** piety under Vehumet
 15132 | Lair:1   | Offered knowledge of Irradiate by Vehumet.
 15136 | Lair:1   | Reached XP level 12. HP: 91/91 MP: 3/23
 15185 | Lair:1   | Noticed a seven-headed hydra
 15189 | Lair:1   | Killed a seven-headed hydra
 15396 | Lair:1   | Reached skill level 13 in Conjurations
 15973 | Lair:2   | Noticed Erica
 15978 | Lair:2   | Killed Erica
 16004 | Lair:2   | Noticed a five-headed hydra
 16017 | Lair:2   | Killed a five-headed hydra
 16078 | Lair:2   | Found a staircase to the Shoals.
 16089 | Lair:2   | Reached skill level 5 in Fighting
 16224 | Lair:2   | Noticed an eight-headed hydra
 16232 | Lair:2   | Killed an eight-headed hydra
 16730 | Lair:3   | Reached skill level 5 in Dodging
 16943 | Lair:3   | Identified a scroll of acquirement
 16945 | Lair:3   | Acquired the Compendium of Confrontation
 17160 | Lair:3   | Reached skill level 5 in Long Blades
 17958 | Lair:4   | Found a staircase to the Snake Pit.
 18123 | Lair:4   | Reached ***** piety under Vehumet
 18133 | Lair:4   | Offered knowledge of Lightning Bolt by Vehumet.
 18203 | Lair:4   | Reached XP level 13. HP: 100/100 MP: 26/26
 18541 | Lair:4   | Learned a level 2 spell: Blink
 18759 | Lair:4   | Reached skill level 1 in Translocations
 19838 | Lair:5   | You fall into a shaft and drop 1 floor!
 19838 | Lair:6   | Entered Level 6 of the Lair of Beasts
 20050 | Lair:5   | Found a viscous altar of Jiyva.
 20050 | Lair:5   | Found a staircase to the Slime Pits.
 20257 | Lair:5   | Reached skill level 5 in Translocations
 21600 | Lair:5   | Reached skill level 10 in Long Blades
 22491 | Lair:6   | Gained mutation: Your tail ends in a poisonous barb. [Green
                  | Draconian growth]
 22491 | Lair:6   | Reached XP level 14. HP: 89/107 MP: 22/27
 23587 | Lair:6   | Learned a level 5 spell: Freezing Cloud
 23607 | Lair:6   | Reached skill level 1 in Ice Magic
 24734 | D:12     | Identified the +0 pair of gloves "Xosecieb" {Str+5}
 24984 | D:12     | Found Iwkebb's General Store.
 24999 | D:12     | Found a radiant altar of Vehumet.
 25060 | D:12     | Reached skill level 5 in Ice Magic
 25525 | Snake:1  | Entered Level 1 of the Snake Pit
 25571 | Snake:1  | Offered knowledge of Hailstorm by Vehumet.
 25851 | Snake:1  | Identified the +2 robe of Grace {Rampage SInv}
 26970 | Snake:2  | Identified the +8 falchion "Sarcophage" {drain, Dex+6}
 27128 | Snake:2  | Reached XP level 15. HP: 113/113 MP: 18/28
 27800 | Snake:2  | Reached skill level 14 in Conjurations
 29282 | Snake:3  | Noticed Louise
 29621 | Snake:3  | Reached skill level 10 in Air Magic
 29634 | Snake:3  | Offered knowledge of Ozocubu's Refrigeration by Vehumet.
 29978 | Snake:3  | Cast into level 2 of the Abyss (Louise)
 29978 | Abyss:2  | Found a corrupted altar of Lugonu.
 30068 | Abyss:2  | Noticed a bone dragon
 30167 | Abyss:2  | Noticed a deep elf sorcerer
 30171 | Abyss:2  | Killed from afar by a deep elf sorcerer

Illustrated notes

Levels and vault maps discovered:
D:1:      minmay_arrival_glassed_features, layout_basic, grunt_decor_clamped,
          minivault_14
D:2:      layout_basic, shapermc_ecumenical_altar_venn
D:3:      layout_basic, serial_park_tiny_pond, minmay_puff, uniq_grinder
D:4:      layout_cave_pools, serial_shops, nicolae_lakefront_shop
D:5:      layout_rooms, minmay_temple_entry_gardened_gates, st_stairs_14,
          nrook_mini_backslash, minmay_circle_x
D:6:      layout_loops_ring, chequers_ossuary_entry_cave, kennysheep_cross_room,
          kennysheep_generic_room_14, uniq_blork_the_orc
D:7:      layout_rooms, enter_bailey_3
D:8:      layout_rooms
D:9:      layout_basic, lair_entry_dummy, serial_shops, nicolae_shop_statue_plus
D:10:     layout_loops_corners, grunt_dithmenos_smoke, serial_shops,
          nicolae_shop_competitors_out_of_business, uniq_grum, uniq_sonja
D:11:     layout_irregular_city, david_orc_2, nicolae_uskayaw_en_pointe
D:12:     layout_cave_pools, serial_rivers, chequers_serial_rivers_room_b,
          chequers_serial_rivers_small_b, chequers_serial_rivers_micro_a,
          chequers_serial_rivers_micro_c, chequers_serial_rivers_micro_c,
          serial_shops, shop_fountains, vehumet_altar_wand_db
Temple:   nicolae_temple_the_god_donut
Lair:1:   lemuel_slime, layout_chaotic_city, gammafunk_ghost_abyssal_escape,
          uniq_gastronok
Lair:2:   layout_gridlike, minmay_shoals_entry_centaurs, uniq_erica
Lair:3:   layout_gridlike, st_stairs_12, infiniplex_staircase_pool
Lair:4:   layout_layer_cave, dummy_snake_entry, beast_lair_carwin_2
Lair:5:   layout_cave_pods, dpeg_slime_entry_enclosed_altar
Lair:6:   hangedman_lair_in_review, layout_long_grid
Snake:1:  layout_gridlike
Snake:2:  layout_chambers, drop_trap, serial_bayou_shore_b
Snake:3:  layout_onion_interference, serial_shops, nicolae_shop_window_shopping,
          minmay_shop_grove, grunt_megastairs_4, uniq_louise
Abyss:2:  base: D:4, grunt_abyss_exit_deep_breaths, minivault_26,
          hangedman_abyss_sting

Skill      XL: |  1  2  3  4  5  6  7  8  9 10 11 12 13 14 15 |
---------------+----------------------------------------------+-----
Conjurations   | 5 7 8 9 10 12 13 14 | 14.2
Hexes          | 1 2 3 4 5 6 |  6.0
Spellcasting   | 3 4 5 6 7 9 |  9.0
Air Magic      | 1 3 5 6 7 8 9 10 | 10.1
Poison Magic   | 2 4 5 6 |  6.0
Fighting       | 4 5 6 |  6.2
Long Blades    | 3 5 10 12 | 12.0
Dodging        | 3 5 6 7 |  7.4
Translocations | 5 |  5.0
Ice Magic      | 9 |  9.0
Stealth        | |  1.7

Action                   |  1- 3 |  4- 6 |  7- 9 | 10-12 | 13-15 || total
-------------------------+-------+-------+-------+-------+-------++-------
Melee: Dagger            |     9 |    22 |    49 |    31 |       ||   111
       Tailslap          |     1 |     1 |     7 |     3 |     6 ||    18
       Staff             |       |       |       |     4 |       ||     4
       Katana            |       |       |       |     6 |    35 ||    41
 Cast: Magic Dart        |    80 |    69 |    66 |   130 |   302 ||   647
       Searing Ray       |       |     7 |    60 |    50 |    22 ||   139
       Fulminant Prism   |       |       |     6 |       |       ||     6
       Poisonous Vapours |       |       |       |    12 |    34 ||    46
       Conjure Ball Ligh |       |       |       |    45 |    56 ||   101
       Iskenderun's Batt |       |       |       |    27 |    67 ||    94
       Blink             |       |       |       |       |     4 ||     4
       Freezing Cloud    |       |       |       |       |    75 ||    75
 Abil: Breathe Noxious F |       |       |     5 |     1 |       ||     6
  Use: Potion            |     2 |     2 |     3 |       |     2 ||     9
       Scroll            |     2 |       |    11 |     7 |     4 ||    24
Armor: Skin              |    10 |    11 |    61 |    50 |    56 ||   188
Dodge: Dodged            |    15 |    14 |   101 |   108 |   116 ||   354
       Repelled          |       |       |       |     2 |    12 ||    14
       Rpst.: Katana     |       |       |       |    10 |    14 ||    24
